 Dungeon Crawl Stone Soup version 0.29.1-15-g9cfb28693d (webtiles) character file.

Game seed: 17246697831500862729

14623 zeram the Cleaver (level 12, -1/104 HPs)
             Began as a Hill Orc Fighter on Apr 8, 2023.
             Was an Initiate of Gozag.
             Slain by an eight-headed hydra (6 damage)
             ... on level 2 of the Lair of Beasts.
             The game lasted 00:19:34 (15304 turns).

zeram the Cleaver (Hill Orc Fighter)               Turns: 15304, Time: 00:19:35

Health: -1/104     AC: 15    Str: 30    XL:     12   Next: 18%
Magic:  12/12      EV:  9    Int:  8    God:    Gozag
Gold:   1380       SH: 22    Dex: 10    Spells: 11/11 levels left

rFire   . . .      SeeInvis +   F - +5 mace of the New World {elec, rElec Str+6}
rCold   . . .      Faith    .   G - +2 tower shield {rN+}
rNeg    + . .      Spirit   .   b - +0 scale mail
rPois   +          Reflect  +   f - +2 helmet {SInv}
rElec   +          Harm     .   t - +0 cloak
rCorr   +          Rampage  .   I - +0 pair of gloves
Will    .....                   (no boots)
Stlth   ..........              w - amulet of reflection
HPRegen 0.27/turn               y - ring of poison resistance
MPRegen 0.13/turn               v - ring "Paur" {Fly rCorr Slay+4}

@: flying
A: no striking features
a: Renounce Religion, Potion Petition, Call Merchant, Bribe Branch


You were on level 2 of the Lair of Beasts.
You worshipped Gozag.
Gozag was most pleased with you.
You visited 3 branches of the dungeon, and saw 15 of its levels.

You collected 2822 gold pieces.
You spent 1404 gold pieces at shops.
You paid 38 gold pieces to Gozag.

Inventory:

Hand Weapons
 a - a +0 spectral war axe
 h - a +5 dire flail of protection
 z - a +2 hand axe of holy wrath
 B - a +0 shortbow
 F - the +5 mace of the New World (weapon) {elec, rElec Str+6}
   (You bought it in a shop on level 9 of the Dungeon)

   It occasionally discharges a powerful burst of electricity upon striking a
   foe.
   Str:       It affects your strength (+6).
   rElec:     It insulates you from electricity.
Missiles
 q - 2 throwing nets (quivered)
Armour
 b - a +0 scale mail (worn)
 c - a +0 buckler
 f - a +2 helmet of see invisible (worn)
 t - a +0 cloak (worn)
 x - a +0 helmet
 G - a +2 tower shield of positive energy (worn)
 I - a +0 pair of gloves (worn)
Jewellery
 l - a ring of protection from fire
 m - an amulet of guardian spirit
 v - the ring "Paur" (right hand) {Fly rCorr Slay+4}
   (You bought it in a shop on level 4 of the Dungeon)

   [ring of resist corrosion]

   Slay:      It affects your accuracy & damage with ranged weapons and melee
   (+4).
   Fly:       It grants you flight.
   rCorr:     It protects you from acid and corrosion.
 w - an amulet of reflection (around neck)
 y - a ring of poison resistance (left hand)
 J - a +6 ring of strength
 K - a ring of magical power
 M - an amulet of the acrobat
 T - an amulet of magic regeneration
Wands
 o - a wand of iceblast (12)
 p - a wand of polymorph (2)
 D - a wand of charming (6)
 E - a wand of flame (19)
 O - a wand of mindburst (10)
Scrolls
 e - 2 scrolls of brand weapon
 i - 5 scrolls of butterflies
 C - 3 scrolls of magic mapping
 H - 2 scrolls of silence
 R - a scroll of identify
Potions
 d - a potion of berserk rage {unknown}
 g - 3 potions of mutation
 j - 3 potions of flight
 k - 3 potions of brilliance
 n - a potion of haste {unknown}
 r - 2 potions of resistance
 s - 3 potions of degeneration
 u - a potion of heal wounds
 A - 3 potions of lignification
 L - 4 potions of curing
 N - 2 potions of attraction
 P - a potion of cancellation
 Q - a potion of ambrosia {unknown}
 S - a potion of invisibility {unknown}


   Skills:
 + Level 9.2 Fighting
 + Level 12.5(13.7) Axes
 + Level 7.9(10.4) Maces & Flails
 + Level 10.1 Armour
 + Level 4.5 Dodging
 + Level 10.6 Shields


You had 11 spell levels left.
You didn't know any spells.
Your spell library contained the following spells:

 Spells                   Type           Power      Damage    Failure   Level
 Freeze                   Ice            0%         1d3       99%         1
 Shock                    Conj/Air       0%         1d3       99%         1
 Blink                    Tloc           0%         N/A       100%        2
 Ensorcelled Hibernation  Hex/Ice        0%         N/A       100%        2
 Passwall                 Tmut/Erth      0%         N/A       100%        2
 Conjure Flame            Conj/Fire      0%         6-21      100%        3
 Dazzling Flash           Conj/Hex       0%         N/A       100%        3
 Frozen Ramparts          Ice            0%         1d1       100%        3
 Ignite Poison            Fire/Tmut/Pois 0%         N/A       100%        3
 Ozocubu's Armour         Ice            0%         N/A       100%        3
 Portal Projectile        Hex/Tloc       0%         N/A       100%        3
 Swiftness                Air            0%         N/A       100%        3
 Tukima's Dance           Hex            0%         N/A       100%        3
 Airstrike                Air            0%         2d(0-16)  100%        4
 Animate Armour           Summ/Erth      0%         N/A       100%        4
 Hailstorm                Conj/Ice       0%         3d3       100%        4
 Ice Form                 Ice/Tmut       0%         N/A       100%        4
 Sticky Flame             Conj/Fire      0%         2d3       100%        4
 Summon Ice Beast         Ice/Summ       0%         N/A       100%        4
 Agony                    Necr           0%         N/A       100%        5
 Blade Hands              Tmut           0%         N/A       100%        5
 Manifold Assault         Tloc           0%         N/A       100%        5
 Metabolic Englaciation   Hex/Ice        0%         N/A       100%        5
 Silence                  Hex/Air        0%         N/A       100%        5
 Iron Shot                Conj/Erth      0%         9d1       100%        6
 Storm Form               Tmut/Air       0%         N/A       100%        7
 Simulacrum               Ice/Necr       Unusable   N/A       N/A         6

Dungeon Overview and Level Annotations

Branches:
Dungeon (12/15)            Temple (0/1) D:7            Lair (2/5) D:10
    Orc (1/2) D:10
  Swamp: Lair:2-3    Shoals: Lair:2-3     Snake: Lair:2-3    Spider: Lair:2-3

Altars:
Ashenzari
Cheibriados
Gozag
Makhleb
Qazlal
Wu Jian
Yredelemnul

Shops:
D:4 =   D:9 !:**

Annotations:
Lair:1 3 runed translucent doors, hndcvy's ghost, journeyman MiFi
Orc:1 1 transporter, Sucvi's ghost, journeyman MiFi


Message History

You block the eight-headed hydra's attack.
The eight-headed hydra bites you but does no damage.
You block the eight-headed hydra's attack.
The eight-headed hydra bites you!
The eight-headed hydra bites you but does no damage.
You block the eight-headed hydra's attack.
The eight-headed hydra barely misses you.
The eight-headed hydra bites you but does no damage. x2
The eight-headed hydra barely misses you.
You hit the eight-headed hydra.
The eight-headed hydra is severely wounded.
The eight-headed hydra bites you but does no damage.
The eight-headed hydra misses you.
The eight-headed hydra bites you but does no damage.
You block the eight-headed hydra's attack. x2
The eight-headed hydra bites you but does no damage.
The eight-headed hydra bites you.
* * * LOW HITPOINT WARNING * * *
You block the eight-headed hydra's attack.
You bludgeon the eight-headed hydra!!
The eight-headed hydra is almost dead.
You block the eight-headed hydra's attack. x3
The eight-headed hydra bites you!
* * * LOW HITPOINT WARNING * * *
The eight-headed hydra barely misses you.
The eight-headed hydra bites you but does no damage.
The eight-headed hydra closely misses you.
You block the eight-headed hydra's attack.
You barely miss the eight-headed hydra.
The eight-headed hydra is almost dead.
You block the eight-headed hydra's attack. x3
The eight-headed hydra bites you.
* * * LOW HITPOINT WARNING * * *
The eight-headed hydra closely misses you.
You block the eight-headed hydra's attack.
The eight-headed hydra bites you!
* * * LOW HITPOINT WARNING * * *
The eight-headed hydra bites you.
You die...
Your body crumbles into a pile of gold.

# #####
#.#.###.P.###
#...<.@D...#
#.#####.##....
## .


You could see an eight-headed hydra.

Vanquished Creatures
  A hydra (D:9)
  A two-headed ogre (D:8)
  3 death yaks (D:10)
  An orc sorcerer (D:10)
  An ugly thing (D:11)
  2 cyclopes (D:11)
  Joseph (Lair:1)
  2 unseen horrors
  A kobold demonologist (D:11)
  2 trolls
  3 hornets
  7 blink frogs (Lair:1)
  A shadow (D:11)
  2 wraiths (D:10)
  2 wyverns
  8 yaks
  Edmund (D:4)
  4 water moccasins
  Duvessa (D:7)
  A black bear (D:4)
  6 orc warriors
  A sky beast (D:7)
  3 ogres (Orc:1)
  2 ice beasts (D:7)
  3 phantoms
  4 centaurs
  3 kobold brigands
  4 bullfrogs
  A gnoll sergeant (D:8)
  2 scorpions
  2 necrophages
  7 wights
  Dowan (D:7)
  4 killer bees (D:10)
  4 howler monkeys
  2 jellies
  3 hounds
  5 orc priests
  A gnoll bouda (D:7)
  2 iguanas (D:6)
  9 orc wizards
  A hell rat (D:10)
  12 gnolls
  A river rat (D:10)
  4 adders
  2 white imps
  An ufetubus (D:6)
  2 worms
  4 dart slugs (D:1)
  29 orcs
  6 ball pythons
  5 endoplasms
  A giant cockroach (D:2)
  10 goblins
  5 hobgoblins
  14 kobolds
  7 quokkas
  3 bats
  2 frilled lizards
  8 rats
231 creatures vanquished.

Vanquished Creatures (others)
  A kobold (D:10)
  A fungus (Lair:2)
  2 plants (Lair:2)
4 creatures vanquished.

Grand Total: 235 creatures vanquished

Notes
Turn   | Place    | Note
-------+----------+-------------------------------------------
     0 | D:1      | zeram the Hill Orc Fighter began the quest for the Orb.
     0 | D:1      | Reached XP level 1. HP: 19/19 MP: 1/1
    56 | D:1      | Reached XP level 2. HP: 23/27 MP: 2/2
   113 | D:1      | Reached skill level 3 in Axes
   516 | D:1      | Reached XP level 3. HP: 19/33 MP: 3/3
   890 | D:1      | Found a faded altar of an unknown god.
  1215 | D:1      | Identified a scroll of acquirement
  1215 | D:1      | Acquired a +2 helmet of see invisible
  1617 | D:2      | Reached XP level 4. HP: 41/41 MP: 4/4
  1688 | D:2      | Reached skill level 4 in Axes
  2085 | D:3      | Reached XP level 5. HP: 42/47 MP: 5/5
  2207 | D:3      | Reached skill level 5 in Axes
  2977 | D:3      | Acquired 955 gold pieces
  2993 | D:4      | Reached XP level 6. HP: 31/53 MP: 6/6
  3150 | D:4      | Found Emith's Jewellery Shoppe.
  3156 | D:4      | Bought the ring "Paur" {Fly rCorr Slay+4} for 459 gold
                  | pieces
  3156 | D:4      | Bought an amulet of reflection for 300 gold pieces
  3230 | D:4      | Noticed Edmund
  3257 | D:4      | Noticed a black bear
  3261 | D:4      | Found a burning altar of Makhleb.
  3261 | D:4      | Found a stormy altar of Qazlal.
  3269 | D:4      | Found a basalt altar of Yredelemnul.
  3271 | D:4      | Reached skill level 6 in Axes
  3271 | D:4      | Reached skill level 1 in Dodging
  3722 | D:4      | Found an opulent altar of Gozag.
  3744 | D:4      | Found a snail-covered altar of Cheibriados.
  3749 | D:4      | Killed a black bear
  3750 | D:4      | Reached skill level 5 in Fighting
  3750 | D:4      | Reached XP level 7. HP: 56/61 MP: 7/7
  3804 | D:4      | Reached skill level 5 in Armour
  3835 | D:4      | Became a worshipper of Gozag Ym Sagoz the Greedy
  3904 | D:4      | Killed Edmund
  3905 | D:4      | Reached skill level 7 in Axes
  4308 | D:5      | Entered Level 5 of the Dungeon
  4369 | D:5      | Found an ornate altar of the Wu Jian Council.
  4596 | D:5      | Reached XP level 8. HP: 69/69 MP: 8/8
  4626 | D:5      | Reached skill level 8 in Axes
  5394 | D:6      | Reached skill level 5 in Shields
  5413 | D:6      | Reached skill level 9 in Axes
  5698 | D:6      | Found a broken altar of Ashenzari.
  6172 | D:7      | Reached XP level 9. HP: 73/75 MP: 9/9
  6207 | D:7      | Reached skill level 10 in Axes
  6480 | D:7      | Found a staircase to the Ecumenical Temple.
  6496 | D:7      | Noticed Dowan
  6496 | D:7      | Noticed Duvessa
  6507 | D:7      | Killed Dowan
  6534 | D:7      | Killed Duvessa
  7712 | D:8      | Reached skill level 11 in Axes
  8051 | D:8      | Noticed a two-headed ogre
  8062 | D:8      | Killed a two-headed ogre
  8258 | D:8      | Noticed a hornet
  8270 | D:8      | Killed a hornet
  8271 | D:8      | Reached XP level 10. HP: 56/86 MP: 10/10
  8632 | D:8      | Reached skill level 12 in Axes
  9041 | D:9      | Paralysed by a hornet for 1 turns
  9047 | D:9      | Paralysed by a hornet for 1 turns
  9054 | D:9      | Paralysed by a hornet for 3 turns
  9425 | D:9      | Found Dabrusch's Assorted Antiques.
  9456 | D:9      | Bought a translucent mace for 240 gold pieces
  9456 | D:9      | Identified the +5 mace of the New World {elec, rElec Str+6}
                  | (You bought it in a shop on level 9 of the Dungeon)
  9456 | D:9      | Bought 2 potions of curing for 180 gold pieces
  9457 | D:9      | Bought a shiny tower shield for 225 gold pieces
  9493 | D:9      | Found Jijipy's Demolitions Depot.
  9499 | D:9      | Noticed an unseen horror
  9507 | D:9      | Killed an unseen horror
  9570 | D:9      | Found Taecw's Book Emporium.
  9652 | D:9      | Found Hietonti's Distillery.
  9676 | D:9      | Noticed a six-headed hydra
  9690 | D:10     | Entered Level 10 of the Dungeon
  9697 | D:10     | Reached skill level 1 in Maces & Flails
  9986 | D:9      | Killed a six-headed hydra
 11397 | D:10     | Noticed a death yak
 11398 | D:10     | Found a staircase to the Lair.
 11398 | D:10     | Noticed a death yak
 11399 | D:10     | Noticed a death yak
 11409 | D:10     | Killed a death yak
 11410 | D:10     | Reached XP level 11. HP: 78/95 MP: 11/11
 11418 | D:10     | Killed a death yak
 11426 | D:10     | Killed a death yak
 11431 | D:10     | Reached skill level 5 in Maces & Flails
 11835 | D:10     | Found a staircase to the Orcish Mines.
 12471 | D:11     | Noticed a green ugly thing
 12483 | D:11     | Killed a green ugly thing
 12787 | D:11     | Noticed a cyclops
 12797 | D:11     | Killed a cyclops
 13039 | D:12     | Noticed a cyclops
 13048 | D:11     | Noticed a sun demon
 13107 | D:12     | Noticed a cyclops
 13128 | D:11     | Killed a cyclops
 13286 | Orc:1    | Entered Level 1 of the Orcish Mines
 13316 | Orc:1    | Found a transporter.
 13502 | Orc:1    | Noticed a moth of wrath
 13510 | Orc:1    | Noticed a moth of wrath
 13529 | Orc:1    | Noticed an orc sorcerer
 13532 | Orc:1    | Noticed an orc knight
 13552 | Orc:1    | Noticed Sucvi's ghost (journeyman MiFi)
 13893 | D:10     | Killed an orc sorcerer
 13914 | D:10     | Reached skill level 10 in Shields
 14180 | Lair:1   | Entered Level 1 of the Lair of Beasts
 14252 | Lair:1   | Reached skill level 10 in Armour
 14252 | Lair:1   | Reached XP level 12. HP: 96/104 MP: 12/12
 14874 | Lair:1   | Noticed Joseph
 14890 | Lair:1   | Killed Joseph
 15040 | Lair:1   | Found a runed translucent gate.
 15040 | Lair:1   | Found a runed translucent gate.
 15074 | Lair:1   | Found a runed translucent gate.
 15075 | Lair:1   | Noticed hndcvy's ghost (journeyman MiFi)
 15292 | Lair:2   | Noticed an eight-headed hydra
 15304 | Lair:2   | HP: 5/104 [eight-headed hydra (8)]
 15304 | Lair:2   | Slain by an eight-headed hydra

Illustrated notes

Levels and vault maps discovered:
D:1:      sevenhm_arrival_forest_fort_large_2, layout_basic,
          ebering_ecumenical_altar_abandoned
D:2:      layout_basic, kennysheep_nub, minmay_pentomino_v4
D:3:      layout_rooms, minmay_diced_spiral
D:4:      layout_loops_ring, nicolae_overflow_hallway_of_the_gods, serial_shops,
          shop, uniq_edmund
D:5:      layout_loops_corners, nzn_wu_jian_contemplation
D:6:      layout_rooms, ashenzari_altar_1
D:7:      layout_basic, minmay_temple_entry_arrows, uniq_duvessa
D:8:      layout_basic
D:9:      layout_cave_pods, serial_shops, shop, nicolae_diamond_shop, shop,
          nicolae_blasting_shop
D:10:     layout_roguey, dpeg_lair_monsters, orc_0_dummy
D:11:     layout_roguey
D:12:     layout_rooms, nicolae_take_the_stairs, tso_metal_star
Lair:1:   layout_gridlike, gammafunk_ghost_necromancy, uniq_joseph
Lair:2:   layout_loops_ring, nicolae_spider_entry_tight_spaces,
          nicolae_volcano_entry_lava_flow, lemuel_fruit_tree,
          serial_bayou_shore_a, serial_bayou_shore_b, uniq_harold, uniq_sonja
Orc:1:    layout_caves, gammafunk_ghost_berserking_beasts

Skill      XL: |  1  2  3  4  5  6  7  8  9 10 11 |
---------------+----------------------------------+-----
Axes           | 3 4 5 6 7 9 11 12 | 12.5
Fighting       | 4 5 6 7 8 9 |  9.2
Armour         | 4 5 6 8 9 10 | 10.1
Dodging        | 1 2 3 4 |  4.5
Shields        | 4 5 6 8 10 | 10.6
Maces & Flails | 4 7 |  7.9

Action                   |  1- 3 |  4- 6 |  7- 9 | 10-12 || total
-------------------------+-------+-------+-------+-------++-------
Melee: War axe           |    92 |   124 |    48 |       ||   264
       Hand axe          |       |       |   191 |    69 ||   260
       Mace              |       |       |       |   346 ||   346
  Use: Scroll            |     6 |     9 |     6 |     9 ||    30
       Potion            |       |     4 |     2 |     4 ||    10
 Stab: Distracted        |       |       |     1 |     1 ||     2
Armor: Scale mail        |    43 |    76 |    72 |   164 ||   355
Dodge: Dodged            |    43 |    69 |    57 |   136 ||   305
Block: Buckler           |    21 |    48 |    92 |    36 ||   197
       Reflection        |       |       |     1 |     6 ||     7
       Tower shield      |       |       |       |   490 ||   490
